Map: Waterfall

Players

MattBarry - Winner!

  • Race: Zerg Zerg
  • League: Gold
  • Spawn Location: 1:00

BrizzBain

  • Race: Protoss Protoss
  • League: Gold
  • Spawn Location: 7:00

VOD

Have the link to the VOD?

Description

Time

  • Played on: Jan. 21, 2023, 2:43 a.m.
  • Length: 3:53
Show
View Real Time Build Order
Export as new Build Order

MattBarry Zerg - Winner!

Build Orders: Pool First 

Get SALT Encoding   

  12  0:00  Drone  
  13  0:12  Extractor  
  13  0:13  Drone  
  13  0:15  Drone  
  14  0:33  Spawning Pool  
  13  0:37  Drone  
  14  0:45  Overlord  
  14  0:55  Drone, Extractor  
  15  1:20  Zergling x6  
  15  1:21  Metabolic Boost  
  18  1:28  Queen  
  20  1:34  Drone  
  21  1:42  Overlord  
  22  1:54  Zergling x2  
  22  2:03  Zergling x2  
  24  2:30  Zergling x4  
  24  2:31  Hatchery  
  24  2:50  Zergling x8  
  28  3:00  Zergling x2  
  27  3:27  Zergling x4  
  28  3:37  Drone  
Show
View Real Time Build Order
Export as new Build Order

BrizzBain Protoss 

Build Orders: 1 Gate Expand 

Get SALT Encoding   

  12  0:01  Probe  
  13  0:14  Pylon  
  13  0:18  Probe  
  14  0:35  Gateway  
  14  0:36  Probe  
  15  0:52  Probe (Chrono Boost)  
  16  1:02  Probe (Chrono Boost)  
  17  1:04  Assimilator  
  17  1:07  Probe (Chrono Boost)  
  18  1:18  Probe  
  18  1:25  Cybernetics Core  
  19  1:35  Nexus  
  19  1:42  Probe  
  20  1:48  Gateway  
  22  2:07  Pylon  
  22  2:12  Assimilator  
  20  2:31  Pylon  
  20  2:37  Shield Battery  
  20  3:01  Forge  
  7  3:40  Gateway  
  7  3:41  Gateway  
Tags
 
Add a new tag
Caveats
  • Supply blocks, unpowered buildings, or Contaminate may cause inaccurate times.
  • Supply counts are checked every 10 seconds.